 Dungeon Sprint DCSS version 0.27.1 (webtiles) character file.

Game seed: 6977939490814479086

1789 styxcanada the Unseen (level 8, -10/44 HPs)
             Began as a Spriggan Brigand on Sept 3, 2021.
             Was an Initiate of Gozag.
             Killed from afar by a burning bush (15 damage)
             ... with a puff of flame
             ... in the Dungeon (Sprint IV: "Fedhas' Mad Dash").
             The game lasted 00:06:01 (658 turns).

styxcanada the Unseen (Spriggan Brigand)             Turns: 658, Time: 00:06:01

Health: -10/44     AC:  3    Str:  7    XL:     8   Next: 82%
Magic:  9/9        EV: 24    Int: 15    God:    Gozag
Gold:   823        SH:  8    Dex: 24    Spells: 7/7 levels left

rFire    . . .     SeeInvis +   a - +2 dagger
rCold    . . .     Faith    .   o - +0 buckler
rNeg     . . .     Spirit   .   b - +0 robe
rPois    .         Reflect  .   (helmet restricted)
rElec    .         Harm     .   c - +0 cloak
rCorr    .         Rampage  .   (gloves unavailable)
Will     +....     NoTele   +   (boots unavailable)
Stlth    ++++++++..             l - amulet of invisibility {+Inv}
HPRegen  0.14/turn              p - ring "Gilaeghy" {Drain Fly Int+3 Dex+5}
MPRegen  0.11/turn              (no ring)

@: flying, very slightly contaminated, invisible (expiring), very quick
A: very small, no large weapons, unfitting armour, see invisible, speed 3
a: Renounce Religion, Evoke Invisibility, Potion Petition, Call Merchant, Bribe
Branch


You were in the Dungeon.
You worshipped Gozag.
Gozag was pleased with you.
You visited 1 branch You collected 1042 gold pieces.
You spent 219 gold pieces at shops.

Inventory:

Hand Weapons
 a - a +2 dagger (weapon)
Missiles
 d - 8 poisoned darts (quivered)
 e - 2 curare-tipped darts
Armour
 b - a +0 robe (worn)
 c - a +0 cloak (worn)
 o - a +0 buckler (worn)
Jewellery
 l - the amulet of invisibility (around neck) {+Inv}
   (You found it in the Dungeon)

   [amulet of nothing]

   +Inv:      It lets you turn invisible.
 p - the ring "Gilaeghy" (left hand) {Drain Fly Int+3 Dex+5}
   (You found it in the Dungeon)

   [ring of flight]

   Int:       It affects your intelligence (+3).
   Dex:       It affects your dexterity (+5).
   Fly:       It grants you flight.
   Drain:     It drains your maximum health when unequipped.
Wands
 n - a wand of acid (6)
 t - a wand of flame (12)
Scrolls
 k - a scroll of blinking
 m - 3 scrolls of fear {unknown}
 r - a scroll of vulnerability {unknown}
 u - a scroll of identify {unknown}
Potions
 f - a potion of curing
 g - a potion of heal wounds
 h - a potion of haste
 i - 2 potions of magic
 j - a potion of berserk rage
 q - a potion of might {unknown}
 s - a potion of degeneration {unknown}


   Skills:
 * Level 5.4 Fighting
 + Level 5.3 Short Blades
 + Level 5.3 Throwing
 * Level 7.7 Dodging
 * Level 20.5 Stealth
 * Level 3.4 Shields
 * Level 8.7 Evocations


You had 7 spell levels left.
You didn't know any spells.
Your spell library was empty.

Dungeon Overview and Level Annotations

Branches:
Dungeon (1/1)

Altars:
Cheibriados
Dithmenos
Elyvilon
Gozag
Hepliaklqana
Kikubaaqudgha
Makhleb
Nemelex Xobeh
Okawaru
Qazlal
Ru
Sif Muna
Trog
Uskayaw
Vehumet
Wu Jian
Xom
Yredelemnul
Zin
The Shining One
Beogh
Jiyva
Lugonu

Shops:
D (=*!


Innate Abilities, Weirdness & Mutations

You are very small and have problems with some larger weapons.
You are too small for most types of armour.
You have supernaturally acute eyesight. (SInv)
You cover ground extremely quickly. (Speed+++)


Message History

There is an open door here.
You reach down and open the door.
Found 13 gold pieces and a glowing broad axe.
A burning bush comes into view.
Found 22 gold pieces.
There is an open door here.
You see here 5 gold pieces.
You see here 14 gold pieces.
You hit the burning bush but do no damage.
You hit the burning bush but do no damage.
The burning bush throws fire at you. The puff of flame hits you!
You hit the burning bush but do no damage.
You hit the burning bush but do no damage.
The burning bush throws fire at you. The puff of flame hits you!
You hit the burning bush but do no damage.
You hit the burning bush but do no damage.
You hit the burning bush but do no damage.
You hit the burning bush.
The burning bush is lightly damaged.
You hit the burning bush but do no damage.
The burning bush is lightly damaged.
You flicker for a moment.
The burning bush throws fire at you. You block the puff of flame.
You hit the burning bush but do no damage.
The burning bush is lightly damaged.
The burning bush throws fire at you. The puff of flame hits you!
* * * LOW HITPOINT WARNING * * *
You hit the burning bush but do no damage.
The burning bush is lightly damaged.
The burning bush throws fire at you. The puff of flame misses you.
You see here 5 gold pieces.
The burning bush throws fire at you. The puff of flame hits you!
You die...
Your body crumbles into a pile of gold.

########################
#<†..#....†#.....#.⌠._._
#PP..'.(...'.#.).'.._._.
#PPPP#.....#.#...#..._._
###############'##.._._.
#...♣........'...#._._._
#......♣.....#...#######
#.....♣..♣..######
##'####@##### #(.#$$$$+
#..#P)### #######


You could see a burning bush.

Vanquished Creatures
  An oklob plant (D)
  A queen bee (D)
  2 wandering mushrooms (D)
  A burning bush (D)
  3 scorpions (D)
  4 killer bees (D)
  4 oklob saplings (D)
  2 spriggans (D)
  A river rat (D)
  A rat (D)
20 creatures vanquished.

Vanquished Creatures (others)
  A fungus (D)
1 creature vanquished.

Grand Total: 21 creatures vanquished

Notes
Turn   | Place    | Note
-------+----------+-------------------------------------------
     0 | D        | styxcanada the Spriggan Brigand began the quest for the
                  | Orb.
     0 | D        | Reached XP level 1. HP: 10/10 MP: 2/2
    15 | D        | Reached skill level 7 in Stealth
    15 | D        | Reached XP level 2. HP: 15/15 MP: 3/3
   140 | D        | Noticed an oklob sapling
   142 | D        | Killed an oklob sapling
   143 | D        | Reached skill level 9 in Stealth
   143 | D        | Reached XP level 3. HP: 18/18 MP: 4/4
   144 | D        | Noticed a scorpion
   144 | D        | Found the amulet of invisibility {+Inv}
   146 | D        | Killed a scorpion
   147 | D        | Reached skill level 12 in Stealth
   147 | D        | Reached XP level 4. HP: 23/23 MP: 5/5
   181 | D        | Found an opulent altar of Gozag.
   181 | D        | Found a hazy altar of Hepliaklqana.
   181 | D        | Found a burning altar of Makhleb.
   181 | D        | Found a sparkling altar of Nemelex Xobeh.
   181 | D        | Found a snail-covered altar of Cheibriados.
   181 | D        | Found a sacrificial altar of Ru.
   181 | D        | Found a shimmering blue altar of Sif Muna.
   181 | D        | Found a shimmering altar of Xom.
   181 | D        | Found a basalt altar of Yredelemnul.
   182 | D        | Found a viscous altar of Jiyva.
   182 | D        | Found a bloodstained altar of Trog.
   182 | D        | Found an ornate altar of the Wu Jian Council.
   183 | D        | Found an iron altar of Okawaru.
   183 | D        | Found a shadowy altar of Dithmenos.
   183 | D        | Found a glowing silver altar of Zin.
   184 | D        | Found an ancient bone altar of Kikubaaqudgha.
   184 | D        | Found a hide-covered altar of Uskayaw.
   185 | D        | Found a stormy altar of Qazlal.
   185 | D        | Found a white marble altar of Elyvilon.
   185 | D        | Found a glowing golden altar of the Shining One.
   186 | D        | Became a worshipper of Gozag Ym Sagoz the Greedy
   187 | D        | Found a corrupted altar of Lugonu.
   187 | D        | Found a radiant altar of Vehumet.
   191 | D        | Reached skill level 13 in Stealth
   191 | D        | Reached skill level 1 in Evocations
   191 | D        | Reached XP level 5. HP: 28/28 MP: 3/6
   203 | D        | Reached skill level 14 in Stealth
   239 | D        | Reached skill level 15 in Stealth
   241 | D        | Reached XP level 6. HP: 32/32 MP: 4/7
   284 | D        | Found Dynegu Waock's Jewellery Shop.
   284 | D        | Found Nyjeist's Antique Weapon Emporium.
   442 | D        | Noticed a burning bush
   442 | D        | Noticed a wandering mushroom
   443 | D        | Noticed a wandering mushroom
   446 | D        | Killed a burning bush
   447 | D        | Reached skill level 5 in Dodging
   447 | D        | Reached skill level 16 in Stealth
   447 | D        | Reached skill level 1 in Shields
   447 | D        | Reached skill level 5 in Evocations
   447 | D        | Killed a wandering mushroom
   448 | D        | Reached skill level 17 in Stealth
   448 | D        | Reached XP level 7. HP: 38/38 MP: 5/8
   448 | D        | Killed a wandering mushroom
   449 | D        | Reached skill level 5 in Short Blades
   449 | D        | Reached skill level 5 in Throwing
   449 | D        | Reached skill level 18 in Stealth
   463 | D        | Found Yleopsed's Distillery.
   463 | D        | Found Huarch's Assorted Antiques.
   466 | D        | Identified the ring "Gilaeghy" {Drain Fly Int+3 Dex+5}
   470 | D        | Bought a scroll labelled CIANU ARCHUAP for 25 gold pieces
   470 | D        | Bought a blue potion for 22 gold pieces
   470 | D        | Bought a scroll labelled WATIUTTIEDIN for 25 gold pieces
   470 | D        | Bought a fuming orange potion for 22 gold pieces
   470 | D        | Bought a lead wand for 100 gold pieces
   470 | D        | Bought a scroll labelled NOSIPHACKI for 25 gold pieces
   519 | D        | Reached XP level 8. HP: 42/42 MP: 6/9
   525 | D        | Noticed a queen bee
   532 | D        | Killed a queen bee
   533 | D        | Reached skill level 5 in Fighting
   533 | D        | Reached skill level 19 in Stealth
   627 | D        | Noticed an oklob plant
   630 | D        | Killed an oklob plant
   631 | D        | Reached skill level 20 in Stealth
   643 | D        | Noticed a burning bush
   658 | D        | Killed from afar by a burning bush

Illustrated notes

Levels and vault maps discovered:
D:        dungeon_sprint_fedhas [sprint_temple]

Skill      XL: |  1  2  3  4  5  6  7  8 |
---------------+-------------------------+-----
Stealth        | 7 9 12 13 15 17 18 20 | 20.5
Fighting       | 2 3 4 5 |  5.4
Short Blades   | 3 4 5 |  5.3
Throwing       | 3 4 5 |  5.3
Dodging        | 2 4 5 6 7 |  7.7
Evocations     | 1 3 6 8 |  8.7
Shields        | 2 3 |  3.4

Action                   |  1- 3 |  4- 6 |  7- 9 || total
-------------------------+-------+-------+-------++-------
Melee: Dagger            |    10 |     7 |    21 ||    38
Throw: Dart              |     6 |       |       ||     6
 Abil: Evoke Invisibilit |       |     4 |     2 ||     6
 Stab: Sleeping          |     3 |     7 |     8 ||    18
       Invisible         |       |       |     1 ||     1
Dodge: Dodged            |     2 |       |     2 ||     4
Block: Buckler           |       |       |     1 ||     1
